 Dungeon Crawl Stone Soup version 0.22-a0-571-g4a923d4 (webtiles) character file.

4017 Cunctator the Geomancer (level 10, -4/59 HPs)
             Began as a Gargoyle Earth Elementalist on July 1, 2018.
             Was a Priest of Vehumet.
             Killed by divine providence
             ... invoked by an orc priest
              (9 damage)
             ... on level 9 of the Dungeon.
             The game lasted 00:48:07 (11939 turns).

Cunctator the Geomancer (GrEE)                     Turns: 11939, Time: 00:48:07

Health: -4/59      AC: 12    Str: 11    XL:     10   Next: 23%
Magic:  20/20      EV: 11    Int: 20    God:    Vehumet [***...]
Gold:   415        SH:  6    Dex: 10    Spells: 13/22 levels left

rFire    . . .     SeeInvis .   x - +3 falchion
rCold    . . .     Gourm    .   I - +2 buckler
rNeg     + . .     Faith    .   y - +0 leather armour
rPois    ∞         Spirit   .   L - +0 helmet
rElec    +         Reflect  .   (no cloak)
rCorr    .         Harm     .   t - +0 pair of gloves
MR       .....                  (no boots)
Stlth    ++........             (no amulet)
HPRegen  0.19/turn              k - ring of poison resistance
MPRegen  0.17/turn              v - ring of wizardry

@: no status effects
A: negative energy resistance 1, electricity resistance, unbreathing,
petrification resistance, rot immunity, AC +7
a: Renounce Religion


You were on level 9 of the Dungeon.
You worshipped Vehumet.
Vehumet was most pleased with you.
You were not hungry.

You visited 2 branches of the dungeon, and saw 10 of its levels.

You collected 415 gold pieces.

Inventory:

Hand Weapons
 e - a +0 club
 j - a +0 hunting sling
 x - a +3 falchion (weapon)
 z - a +0 flail
 C - a +0 mace
 G - a +0 long sword of draining
 S - a +0 shortbow
 T - a +0 morningstar
Missiles
 b - 192 stones (quivered)
 f - 67 sling bullets
 l - 163 arrows
 E - 70 poisoned needles
Armour
 c - a +0 robe
 t - a +0 pair of gloves (worn)
 y - a +0 leather armour (worn)
 D - a +0 shield
 I - a +2 buckler (worn)
 L - a +0 helmet (worn)
Magical Staves
 K - an uncursed staff of fire
Jewellery
 k - a ring of poison resistance (left hand)
 v - a ring of wizardry (right hand)
 J - a +2 ring of strength {unknown}
 O - an uncursed ring of protection from fire {unknown}
 P - an uncursed ring of protection from fire {unknown}
Wands
 h - a wand of paralysis (12)
 w - a wand of polymorph (19)
 Q - a wand of enslavement (33)
Scrolls
 g - 3 scrolls of identify
 i - 2 scrolls of noise {unknown}
 m - a scroll of magic mapping {unknown}
 o - 4 scrolls of teleportation {unknown}
 p - a scroll of fear {unknown}
 q - 4 scrolls of remove curse {unknown}
 r - 2 scrolls of enchant armour {unknown}
 u - 2 scrolls of fog {unknown}
 F - 3 scrolls of immolation {unknown}
 H - a scroll of enchant weapon {unknown}
 M - a scroll of amnesia {unknown}
 R - a scroll of vulnerability {unknown}
Potions
 a - 2 potions of flight {unknown}
 n - 3 potions of curing {unknown}
 s - a potion of haste {unknown}
 A - 2 potions of lignification {unknown}
 B - 2 potions of invisibility {unknown}
 N - a potion of brilliance {unknown}
Comestibles
 d - 11 rations
 U - 3 chunks of flesh


   Skills:
 + Level 5.5 Fighting
 - Level 1.6 Dodging
 - Level 2.2 Stealth
 - Level 4.2 Shields
 - Level 6.6 Spellcasting
 + Level 6.9 Conjurations
   Level 0.7 Transmutations
 + Level 10.8 Earth Magic


You had 13 spell levels left.
You knew the following spells:

 Your Spells              Type           Power        Failure   Level  Hunger
a - Sandblast             Erth           ######       1%          1    None
b - Stone Arrow           Conj/Erth      #####.       1%          3    #......
c - Lee's Rapid Deconstr  Erth           ######....   1%          5    #####..

Your spell library contained the following spells:

 Spells                   Type           Power        Failure   Level  Hunger
 Passwall                 Tmut/Erth      ####....     1%          2    None
 Petrify                  Tmut/Erth      ####....     4%          4    ###....


Dungeon Overview and Level Annotations

Branches:
Dungeon (9/15)             Temple (1/1) D:4            Lair (0/6) D:8
    Orc: D:9-12

Altars:
Ashenzari
Cheibriados
Dithmenos
Elyvilon
Fedhas
Gozag
Hepliaklqana
Kikubaaqudgha
Makhleb
Nemelex Xobeh
Okawaru
Qazlal
Ru
Sif Muna
Trog
Uskayaw
Vehumet
Wu Jian
Xom
Yredelemnul
Zin
The Shining One

Annotations:
D:8 exclusion: oklob plant


Innate Abilities, Weirdness & Mutations

You are resistant to torment.
Your stone body is resilient. (AC +7)
You are immune to poison.
You resist negative energy. (rN+)
You are resistant to electric shocks. (rElec)
You can survive without breathing.
You are immune to petrification.
You are immune to rotting.


Message History

You closely miss the orc warrior. The orc warrior hits you with a mace!
You closely miss the orc warrior. The orc warrior hits you with a mace.
You hit the orc warrior but do no damage.
The orc warrior hits you but does no damage.
You closely miss the orc warrior. You block the orc warrior's attack.
You barely miss the orc warrior. The orc warrior hits you with a mace.
* * * LOW HITPOINT WARNING * * *
You barely miss the orc warrior. You block the orc warrior's attack.
You hit the orc warrior.
The orc warrior is lightly wounded.
The orc warrior barely misses you.
You hit the orc warrior.
The orc warrior is lightly wounded.
The orc warrior hits you but does no damage.
The orc warrior hits you with a mace!
* * * LOW HITPOINT WARNING * * *
You see here a scroll labeled TIOWKU ZOEGOONG.
The orc priest invokes the aid of Beogh against you.
Beogh smites you!
You die...

##. ...
#. #o#
#. #o#
####.##
#o#
#......
#)#
#......
#o#
#......
#?#
#......
#@#
#......
#(#
#......
#.#
#......
##.#
#......
##..#
#......
#..##
#.....>
#.##
#......
#.#
####.##
#.#
#.##


You could see an orc warrior, an orc priest and 2 orcs.

Vanquished Creatures
  A two-headed ogre (D:8)
  Maurice (D:9)
  A hippogriff (D:7)
  2 hungry ghosts (D:8)
  A water moccasin (D:6)
  An ice beast (D:5)
  A sky beast (D:9)
  4 orc warriors
  A centaur (D:9)
  2 big kobolds (D:8)
  2 bullfrogs
  A wyvern skeleton (D:6)
  2 water moccasin skeletons
  4 howler monkeys
  4 crimson imps
  A centaur skeleton (D:5)
  5 hounds
  7 jellies
  A bullfrog skeleton (D:8)
  5 orc wizards
  An iguana (D:7)
  8 worker ants
  2 hound zombies
  A hound skeleton (D:6)
  A howler monkey zombie (D:9)
  7 gnolls (D:3)
  6 adders
  A shadow imp (D:5)
  18 oozes
  2 adder skeletons
  2 worms
  2 dart slugs
  7 leopard geckos
  30 orcs
  4 ball pythons
  9 bats
  4 giant cockroaches
  4 goblins
  3 hobgoblins
  19 jackals
  12 kobolds
  4 quokkas
  A ball python skeleton (D:4)
  4 frilled lizards
  A jackal zombie (D:5)
  2 quokka skeletons
  A quokka zombie (D:7)
  8 rats
211 creatures vanquished.

Vanquished Creatures (others)
  4 fungi (D:8)
4 creatures vanquished.

Grand Total: 215 creatures vanquished

Notes
Turn   | Place    | Note
-------+----------+-------------------------------------------
     0 | D:1      | Cunctator the Gargoyle Earth Elementalist began the quest for the Orb.
     0 | D:1      | Reached XP level 1. HP: 10/10 MP: 3/3
    51 | D:1      | Reached skill level 4 in Earth Magic
    56 | D:1      | Reached XP level 2. HP: 5/15 MP: 0/5
  1146 | D:2      | Found a faded altar of an unknown god.
  1154 | D:2      | Reached XP level 3. HP: 19/19 MP: 6/6
  1159 | D:2      | Learned a level 3 spell: Stone Arrow
  1944 | D:2      | Reached XP level 4. HP: 7/24 MP: 4/8
  2251 | D:2      | Reached skill level 5 in Earth Magic
  2758 | D:3      | Reached skill level 1 in Conjurations
  2849 | D:3      | Reached XP level 5. HP: 26/28 MP: 2/9
  4773 | D:3      | Reached skill level 6 in Earth Magic
  5157 | D:4      | Reached XP level 6. HP: 32/32 MP: 3/10
  5275 | D:4      | Found a hide-covered altar of Uskayaw.
  5724 | D:4      | Found a staircase to the Ecumenical Temple.
  5744 | D:4      | You fall through a shaft for 3 floors!
  5856 | D:6      | Learned a level 5 spell: Lee's Rapid Deconstruction
  5888 | D:6      | Noticed a phantom
  5996 | D:5      | Entered Level 5 of the Dungeon
  6181 | Temple   | Entered the Ecumenical Temple
  6347 | Temple   | Became a worshipper of Vehumet
  6561 | D:5      | Reached XP level 7. HP: 34/36 MP: 8/12
  6688 | D:5      | Reached skill level 7 in Earth Magic
  6825 | D:5      | Found a deep blue altar of Sif Muna.
  7193 | D:5      | Found a glowing silver altar of Zin.
  7195 | D:5      | Found a deep blue altar of Sif Muna.
  7196 | D:5      | Found a blossoming altar of Fedhas.
  7375 | D:6      | Reached skill level 5 in Spellcasting
  7434 | D:5      | Reached skill level 8 in Earth Magic
  7434 | D:5      | Reached XP level 8. HP: 37/41 MP: 15/15
  7510 | D:6      | Reached skill level 1 in Shields
  7760 | D:6      | Reached * piety under Vehumet
  7760 | D:6      | Offered knowledge of Shock by Vehumet.
  8699 | D:7      | Noticed a hippogriff
  8848 | D:7      | Killed a hippogriff
  8848 | D:7      | Reached skill level 9 in Earth Magic
  9202 | D:7      | Reached skill level 10 in Earth Magic
  9202 | D:7      | Reached XP level 9. HP: 20/45 MP: 0/16
  9278 | D:7      | Offered knowledge of Searing Ray by Vehumet.
  9695 | D:8      | Reached ** piety under Vehumet
  9704 | D:8      | Reached skill level 1 in Fighting
  9998 | D:8      | Found a staircase to the Lair.
 10145 | D:8      | Noticed an oklob plant
 10262 | D:8      | Reached skill level 5 in Conjurations
 10468 | D:8      | Noticed a two-headed ogre
 10473 | D:8      | Killed a two-headed ogre
 11271 | D:9      | Offered knowledge of Throw Flame by Vehumet.
 11271 | D:9      | Reached XP level 10. HP: 53/58 MP: 7/19
 11383 | D:9      | Reached skill level 5 in Fighting
 11417 | D:9      | Reached *** piety under Vehumet
 11568 | D:9      | Noticed Maurice
 11615 | D:9      | Killed Maurice
 11707 | D:9      | Noticed a two-headed ogre
 11939 | D:9      | Killed from afar by an orc priest

Vault maps used:
D:1:      ncdulo_smallfort
D:2:      chequers_ecumenical_altar_simple, st_stairs_12, serial_bayou_pond_c
D:4:      eat_drink_and_be_merry_uskayaw, temple_green
D:5:      gammafunk_temple_overflow_forgotten, first_ration, glass_columns_a,
          minivault_14, led_sif_book
D:7:      minmay_opposing_rooms
D:8:      lemuel_slime, dpeg_oklobed_lair
D:9:      uniq_maurice
Temple:   dpeg_five_rooms_temple

Skill      XL: |  1  2  3  4  5  6  7  8  9 10 |
---------------+-------------------------------+-----
Earth Magic    | 4 5 6 8 10 | 10.8
Conjurations   | 1 3 6 |  6.9
Spellcasting   | 3 5 6 |  6.6
Shields        | 4 |  4.2
Fighting       | 4 5 |  5.5
Dodging        | |  1.6
Stealth        | |  2.2
Transmutations | |  0.7

Action                   |  1- 3 |  4- 6 |  7- 9 | 10-12 || total
-------------------------+-------+-------+-------+-------++-------
Melee: Unarmed           |    53 |       |       |       ||    53
       Club              |   109 |    26 |       |       ||   135
       Flail             |       |    39 |       |       ||    39
       Falchion          |       |    41 |   243 |    55 ||   339
       Mace              |       |     1 |       |       ||     1
 Cast: Sandblast         |    15 |    18 |    21 |       ||    54
       Stone Arrow       |       |    39 |    63 |    15 ||   117
       Lee's Rapid Decon |       |       |    16 |     2 ||    18
  Use: Scroll            |       |     4 |     2 |       ||     6
 Stab: Sleeping          |     1 |     2 |       |       ||     3
       Distracted        |       |       |     2 |       ||     2
  Eat: Chunk             |     4 |    15 |    15 |     2 ||    36
       Ration            |       |     1 |     3 |       ||     4
Armor: Robe              |    72 |    65 |    87 |       ||   224
       Leather armour    |       |       |    38 |    30 ||    68
Dodge: Dodged            |   170 |   114 |   173 |    11 ||   468
Block: Buckler           |       |       |    38 |    22 ||    60
       Rpst.: Falchion   |       |    12 |    43 |     5 ||    60

Table legend:
 A = Spawn XP
 B = Non-spawn XP
 C = Spawn XP percentage of total XP
 D = Spawn monster count
 E = Non-spawn monster count
 F = Spawn count percentage of total count
 G = Total turns spent on level
                    A         B        C        D         E        F      G
               +---------+---------+-------+---------+---------+-------+---------
         Total |       0 |    5739 |   0.0 |       0 |     211 |   0.0 | 11939
               +---------+---------+-------+---------+---------+-------+---------
           D:1 |       0 |      31 |   0.0 |       0 |      18 |   0.0 |  1111
           D:2 |       0 |      73 |   0.0 |       0 |      26 |   0.0 |  1526
           D:3 |       0 |     196 |   0.0 |       0 |      28 |   0.0 |  2404
           D:4 |       0 |     134 |   0.0 |       0 |      13 |   0.0 |  1008
           D:5 |       0 |     641 |   0.0 |       0 |      24 |   0.0 |   826
           D:6 |       0 |     522 |   0.0 |       0 |      17 |   0.0 |  1400
           D:7 |       0 |     889 |   0.0 |       0 |      22 |   0.0 |  1123
           D:8 |       0 |    2058 |   0.0 |       0 |      42 |   0.0 |  1566
           D:9 |       0 |    1195 |   0.0 |       0 |      21 |   0.0 |   727
               +---------+---------+-------+---------+---------+-------+---------
